 Dungeon Crawl Stone Soup version 0.28.0-53-g5a82cb258f (webtiles) character file.

Game seed: 1265743514130233482

95 Ethylacetat the Firebug (level 4, 0/36 HPs)
             Began as a Naga Fire Elementalist on Aug 9, 2022.
             Slain by Crazy Yiuf
             ... wielding a +2 quarterstaff of chaos
              (8 damage)
             ... on level 2 of the Dungeon.
             The game lasted 00:08:43 (2687 turns).

Ethylacetat the Firebug (Naga Fire Elementalist)    Turns: 2687, Time: 00:08:44

Health: 0/36       AC:  3    Str: 10    XL:     4   Next: 65%
Magic:  6/8        EV: 10    Int: 17    God:
Gold:   98         SH:  0    Dex: 12    Spells: 7/8 levels left

rFire   . . .      SeeInvis +   c - +0 dagger
rCold   . . .      Faith    .   (no shield)
rNeg    . . .      Spirit   .   a - +0 robe
rPois   +          Reflect  .   (no helmet)
rElec   .          Harm     .   (no cloak)
rCorr   .          Rampage  .   e - +0 pair of gloves
Will    .....                   (no barding)
Stlth   ++........              (no amulet)
HPRegen 0.12/turn               (no ring)
MPRegen 0.11/turn               (no ring)

@: very slow
A: AC +1, large, see invisible, deformed body, poison resistance, slowness 2,
spit poison 1, naga tail 1
a: Spit Poison


You were on level 2 of the Dungeon.
You visited 1 branch of the dungeon, and saw 2 of its levels.

You collected 98 gold pieces.

Inventory:

Hand Weapons
 c - a +0 dagger (weapon)
Armour
 a - a +0 robe (worn)
 e - a +0 pair of gloves (worn)
Scrolls
 b - a scroll of immolation {unknown}
 f - 2 scrolls of teleportation {unknown}
 h - a scroll of identify {unknown}
Potions
 d - a potion of attraction {unknown}
 g - a potion of brilliance {unknown}


   Skills:
 + Level 0.4 Short Blades
 - Level 1.6 Dodging
 - Level 3.2 Stealth
 + Level 2.8 Spellcasting
 + Level 1.5 Conjurations
 + Level 4.3 Fire Magic


You had 7 spell levels left.
You knew the following spells:

 Your Spells              Type           Power      Damage    Failure   Level
a - Foxfire               Conj/Fire      48%        2x1d6     5%          1

Your spell library contained the following spells:

 Spells                   Type           Power      Damage    Failure   Level
 Scorch                   Fire           34%        2d7       4%          2
 Conjure Flame            Conj/Fire      12%        6-21      16%         3
 Sting                    Tmut/Pois      8%         1d3       19%         1
 Inner Flame              Hex/Fire       9%         N/A       22%         3
 Poisonous Vapours        Pois/Air       4%         N/A       26%         2
 Flame Wave               Conj/Fire      12%        2d6       47%         4
 Olgreb's Toxic Radiance  Pois           2%         N/A       87%         4


Dungeon Overview and Level Annotations

Branches:
Dungeon (2/15)

Altars:

Annotations:
D:2 Crazy Yiuf


Innate Abilities, Weirdness & Mutations

Your serpentine skin is tough. (AC +1)
You have supernaturally acute eyesight. (SInv)
Armour fits poorly on your strangely shaped body.
Your system is resistant to poisons. (rPois)
You cover ground very slowly.
You can spit poison.
You have a snake-like lower body.


Message History

Your foxfire dissipates!
The foxfire hits Crazy Yiuf.
Crazy Yiuf is lightly wounded.
What are your orders? t - Shout!
Orders for allies: a - Attack new target. p - Attack previous target. r - Retreat! s - Stop attacking. g - Guard the area. f - Follow me.
Anything else - Cancel.
Okay, then.
Casting: Foxfire (safe; 5% risk of failure)
Confirm with . or Enter, or press ? or * to list all spells.
You conjure some foxfire!
You have got your breath back.
The foxfire hits Crazy Yiuf.
Crazy Yiuf is lightly wounded.
Your foxfire dissipates!
Aiming: Spit Poison (1% risk of failure)
Press: ? - help, Shift-Dir - straight line, f/p - Crazy Yiuf
Aim: Crazy Yiuf, wielding a +2 quarterstaff of chaos and wearing a +0 cloak (lightly wounded, 65% to hit)
The splash of poison misses Crazy Yiuf.
Crazy Yiuf hits you with a +2 quarterstaff of chaos!
Crazy Yiuf draws strength from your wounds!
Crazy Yiuf screams, "Whiteboard!"
Crazy Yiuf hits you with a +2 quarterstaff of chaos!
Crazy Yiuf freezes you.
* * * LOW HITPOINT WARNING * * *
What are your orders? t - Shout!
Orders for allies: a - Attack new target. p - Attack previous target. r - Retreat! s - Stop attacking. g - Guard the area. f - Follow me.
Anything else - Cancel.
Okay, then.
Casting: Foxfire (safe; 5% risk of failure)
Confirm with . or Enter, or press ? or * to list all spells.
You conjure some foxfire!
You have got your breath back.
Crazy Yiuf hits you with a +2 quarterstaff of chaos!
You die...

#.#..#.###
#.#
#+......#
#.###
..)P♣...#
#...##
...PP...#
#.#..##
....P...#
#.#...#
....P...#
##....#
###....##
#....#
#...##
♣.v..♣ #.###
♣.v@♣♣ #.#
♣♣g♣♣ #.#
♣.♣♣ #.#
♣♣.♣ #.#
♣.♣♣ #.#
♣♣.♣ ###.#
#'# ....#
...
############
#...#


You could see Crazy Yiuf (ally target).

Vanquished Creatures
  6 adders (D:2)
  8 bats
  3 giant cockroaches (D:2)
  2 goblins (D:1)
  6 hobgoblins
  A quokka (D:1)
  3 ball pythons
  3 frilled lizards
  4 kobolds (D:2)
  6 rats
42 creatures vanquished.

Vanquished Creatures (others)
  44 foxfires
44 creatures vanquished.

Grand Total: 86 creatures vanquished

Notes
Turn   | Place    | Note
-------+----------+-------------------------------------------
     0 | D:1      | Ethylacetat the Naga Fire Elementalist began the quest for
                  | the Orb.
     0 | D:1      | Reached XP level 1. HP: 15/15 MP: 3/3
   464 | D:1      | Reached XP level 2. HP: 20/22 MP: 1/5
  1234 | D:1      | Reached XP level 3. HP: 28/28 MP: 6/6
  1711 | D:2      | Found a runed translucent door.
  1712 | D:2      | Noticed Crazy Yiuf
  1906 | D:2      | Reached skill level 4 in Fire Magic
  1997 | D:2      | Reached XP level 4. HP: 35/36 MP: 5/7
  2398 | D:2      | Found a faded altar of an unknown god.
  2687 | D:2      | Slain by Crazy Yiuf

Illustrated notes

Levels and vault maps discovered:
D:1:      heliophobic_arrival_glass_houses, layout_loops_corners, serial_glass,
          glass_columns_b, glass_columns_a
D:2:      layout_basic, chequers_ecumenical_altar_island, serial_park_tiny_2,
          uniq_crazy_yiuf_cottage

Skill      XL: |  1  2  3 |
---------------+----------+-----
Fire Magic     | 4 |  4.3
Short Blades   | |  0.4
Dodging        | |  1.6
Stealth        | |  3.2
Spellcasting   | |  2.8
Conjurations   | |  1.5

Action                   |  1- 3 |  4- 6 || total
-------------------------+-------+-------++-------
Melee: Unarmed           |    18 |       ||    18
       Dagger            |    19 |     1 ||    20
 Cast: Foxfire           |    16 |    12 ||    28
 Abil: Spit Poison       |    28 |     7 ||    35
Armor: Robe              |    20 |       ||    20
Dodge: Dodged            |    35 |     4 ||    39
